 Dungeon Crawl Stone Soup version 0.29.1-12-g30fa7ad0bf (webtiles) character file.

Game seed: 7090430013129468797

65 KittyFluff the Trooper (level 4, -7/43 HPs)
             Began as a Gargoyle Berserker on Jan 8, 2023.
             Was a Believer of Trog.
             Mangled by a gnoll
             ... wielding the +6 war axe of Arrival {freeze, rN++ Int+4}
              (11 damage)
             ... on level 3 of the Dungeon.
             The game lasted 00:08:54 (2223 turns).

KittyFluff the Trooper (Gargoyle Berserker)         Turns: 2223, Time: 00:08:54

Health: -7/43      AC:  7    Str: 20    XL:     4   Next: 13%
Magic:  4/4        EV: 12    Int:  8    God:    Trog [**....]
Gold:   189        SH:  0    Dex: 11    Spells: 3/3 levels left

rFire   . . .      SeeInvis .   a - +0 mace
rCold   . . .      Faith    .   (no shield)
rNeg    + . .      Spirit   .   l - +0 leather armour
rPois   ∞          Reflect  .   (no helmet)
rElec   +          Harm     .   (no cloak)
rCorr   .          Rampage  .   (no gloves)
Will    .....                   (no boots)
Stlth   ..........              (no amulet)
HPRegen 0.14/turn               (no ring)
MPRegen 0.09/turn               (no ring)

@: berserking, very quick
A: sickness immunity, AC +3, negative energy resistance 1, electricity
resistance, torment resistance 1, petrification resistance
a: Renounce Religion, Berserk, Trog's Hand


You were on level 3 of the Dungeon.
You worshipped Trog.
Trog was pleased with you.
You visited 1 branch of the dungeon, and saw 4 of its levels.

You collected 189 gold pieces.

Inventory:

Hand Weapons
 a - a +0 mace (weapon)
Missiles
 f - 19 stones (quivered)
 q - 5 boomerangs
Armour
 c - a +0 ring mail
 l - a +0 leather armour (worn)
 m - an orb of light
Scrolls
 d - 3 scrolls of vulnerability {unknown}
 i - 2 scrolls of amnesia {unknown}
 j - a scroll of fear {unknown}
 r - 2 scrolls of teleportation {unknown}
Potions
 b - a potion of ambrosia {unknown}
 e - 3 potions of curing
 n - a potion of magic {unknown}
 o - a potion of heal wounds {unknown}
 p - a potion of might {unknown}
 s - a potion of attraction {unknown}
 t - 2 potions of lignification {unknown}


   Skills:
 + Level 3.8 Fighting
 + Level 3.4 Maces & Flails
 * Level 3.4 Armour
 + Level 2.1 Dodging


You had 3 spell levels left.
You didn't know any spells.
Your spell library was empty.

Dungeon Overview and Level Annotations

Branches:
Dungeon (4/15)
 Temple: D:4-7

Altars:
Wu Jian


Innate Abilities, Weirdness & Mutations

You are immune to sickness and miasma.
Your stone body is resilient. (AC +3)
You are immune to poison.
You resist negative energy. (rN+)
You are resistant to electric shocks. (rElec)
You are resistant to unholy torment.
You are immune to petrification.


Message History

The gnoll throws a stone.
The stone hits you.
Throw: 21 stones
Press: ? - help, Q - select action, (/) - cycle Shift-Dir - straight line, f - gnoll
Aim: a gnoll, wielding the +6 war axe of Arrival {freeze, rN++ Int+4} and quivering stones (60% to hit)
You throw a stone. The stone closely misses the gnoll.
The gnoll throws a stone.
The stone closely misses you.
Throw: 20 stones
Press: ? - help, Q - select action, (/) - cycle Shift-Dir - straight line, f/p - gnoll
Aim: a gnoll, wielding the +6 war axe of Arrival {freeze, rN++ Int+4} and quivering stones (60% to hit)
You throw a stone.
The stone hits the gnoll but does no damage.
The gnoll hits you with the +6 war axe of Arrival {freeze, rN++ Int+4}!
The gnoll freezes you.
You hit the gnoll but do no damage.
A gnoll comes into view. It is wielding a +0 whip.
The gnoll closely misses you.
You closely miss the gnoll. The gnoll hits you but does no damage.
The gnoll shouts!
You hit the gnoll.
The gnoll is lightly wounded.
The gnoll completely misses you.
You hit the gnoll but do no damage.
The gnoll is lightly wounded.
The gnoll misses you. x2
You hit the gnoll.
The gnoll is moderately wounded.
The gnoll barely misses you.
You barely miss the gnoll.
The gnoll is moderately wounded.
The gnoll hits you with the +6 war axe of Arrival {freeze, rN++ Int+4}!
* * * LOW HITPOINT WARNING * * *
The gnoll freezes you.
* * * LOW HITPOINT WARNING * * *
You sock the gnoll!
The gnoll is almost dead.
The gnoll barely misses you.
A red film seems to cover your vision as you go berserk!
You feel yourself moving faster!
You feel mighty!
The gnoll hits you with the +6 war axe of Arrival {freeze, rN++ Int+4}!
You die...

######## #......#
#.####.###
###.####...#
#8...8####.#
#.......# #.# ###
#8..._...8##.#####
#.. ..
##.......##...@gg#
#.. .##
##8...8##..####...#.#
...## ###8#####..##
#.#.# .... ### ##..##
#.#.#...# ##..#
#.#.#...###
##.###.........#
#..###..#...#..
##.##.......#
#.#........#


You could see 2 gnolls.

Vanquished Creatures
  2 adders (D:2)
  A dart slug (D:1)
  An orc (D:3)
  6 endoplasms
  2 giant cockroaches
  2 goblins (D:2)
  5 hobgoblins (D:1)
  4 kobolds (D:1)
  2 quokkas
  6 ball pythons
  5 bats
  2 frilled lizards (D:1)
  3 rats
41 creatures vanquished.

Notes
Turn   | Place    | Note
-------+----------+-------------------------------------------
     0 | D:1      | KittyFluff the Gargoyle Berserker began the quest for the
                  | Orb.
     0 | D:1      | Reached XP level 1. HP: 14/14 MP: 1/1
   149 | D:1      | Found a faded altar of an unknown god.
   199 | D:1      | Reached XP level 2. HP: 19/19 MP: 2/2
   530 | D:1      | Reached XP level 3. HP: 21/23 MP: 3/3
   921 | D:2      | Reached ** piety under Trog
  1151 | D:2      | You fall into a shaft and drop 2 floors!
  1689 | D:2      | Reached XP level 4. HP: 28/29 MP: 4/4
  2194 | D:3      | Found an ornate altar of the Wu Jian Council.
  2209 | D:3      | Identified the +6 war axe of Arrival {freeze, rN++ Int+4}
  2223 | D:3      | Mangled by a gnoll

Illustrated notes

Levels and vault maps discovered:
D:1:      heliophobic_arrival_ceremonial_halls, layout_loops_ring,
          ebering_ecumenical_altar_rust
D:2:      layout_basic
D:3:      layout_rooms, nzn_wu_jian_council_hall
D:4:      layout_cave_pools, tso_altar, eat_drink_and_be_merry_uskayaw,
          st_stairs_6

Skill      XL: |  1  2  3 |
---------------+----------+-----
Armour         | 3 |  3.4
Dodging        | 2 |  2.1
Fighting       | |  3.8
Maces & Flails | |  3.4

Action                   |  1- 3 |  4- 6 || total
-------------------------+-------+-------++-------
Melee: Mace              |   108 |    18 ||   126
Throw: Stone             |     3 |     4 ||     7
Invok: Berserk           |       |     1 ||     1
  Use: Scroll            |       |     3 ||     3
Armor: Animal skin       |    23 |       ||    23
       Leather armour    |    23 |     7 ||    30
Dodge: Dodged            |    80 |    16 ||    96
